 Dungeon Crawl Stone Soup version 0.14-a0-840-g06343e3 (webtiles) character file.

320 Ragg the Ruinous (level 5, -3/28 HPs)
             Began as a Deep Elf Conjurer on Nov 13, 2013.
             Slain by a wraith (5 damage)
             ... on Level 3 of the Dungeon.
             The game lasted 00:11:07 (2752 turns).

Ragg the Ruinous (Deep Elf Conjurer)                Turns: 2752, Time: 00:11:08

HP  -3/28        AC  4     Str  6      XL: 5   Next: 22%
MP  10/18        EV 10     Int 20      God:
Gold 154         SH  0     Dex 15      Spells:  4 memorised,  3 levels left

Res.Fire  : . . .   See Invis. : .   m - +0,+1 spear (venom) (curse)
Res.Cold  : . . .   Warding    : .   A - +0 leather armour
Life Prot.: . . .   Conserve   : .   (no shield)
Res.Poison: .       Res.Corr.  : .   (no helmet)
Res.Elec. : .       Clarity    : .   (no cloak)
Sust.Abil.: . .     Spirit.Shd : .   (no gloves)
Res.Mut.  : .       Stasis     : .   o - +0 pair of elf boots
Res.Rott. : .       Flight     : .   (no amulet)
Saprovore : . . .                    (no ring)
                                     (no ring)

@: slowed, very slow, slightly resistant to hostile enchantments, stealthy
A: no striking features
a: no special abilities


You were on level 3 of the Dungeon.
You were not hungry.

You visited 1 branch of the dungeon, and saw 3 of its levels.

You collected 154 gold pieces.

Inventory:

Hand weapons
 m - a cursed +0,+1 spear of venom (weapon)
Armour
 o - a +0 pair of elven boots (worn)
 A - a +0 leather armour (worn)
Comestibles
 b - 2 bread rations
 x - 3 rotting chunks of hobgoblin flesh
 z - a chunk of worm flesh
 B - a meat ration
 C - a pear
Scrolls
 a - a scroll of remove curse {unknown}
 d - a scroll of fear {unknown}
 f - 2 scrolls of identify
 i - 2 scrolls of curse jewellery {unknown}
 j - 3 scrolls of curse weapon
 k - a scroll of enchant weapon II {unknown}
 p - a scroll of magic mapping {unknown}
 s - a scroll of random uselessness {unknown}
 u - a scroll of teleportation {unknown}
 v - a scroll of curse armour {unknown}
 w - 3 scrolls of amnesia {unknown}
 y - a scroll of recharging {unknown}
 D - a scroll of enchant weapon I {unknown}
Potions
 e - a potion of mutation {unknown}
 g - a potion of invisibility {unknown}
 h - 4 potions of curing
 l - a potion of agility
 n - a potion of brilliance
 q - 2 potions of heal wounds
 r - a potion of slowing {unknown}
 t - a potion of speed {unknown}
Books
 c - a book of Conjurations

   Spells                             Type                      Level
   *Magic Dart                        Conjuration                  1
   *Searing Ray                       Conjuration                  2
   Dazzling Spray                     Conjuration/Hexes            3
   *Iskenderun's Mystic Blast         Conjuration                  4
   *Iskenderun's Battlesphere         Conjuration/Charms           4
   Fulminant Prism                    Conjuration/Hexes            5


   Skills:
 - Level 2.4 Dodging
 - Level 2.4 Stealth
 + Level 5.0 Spellcasting
 + Level 5.5 Conjurations
 + Level 2.2 Charms


You had 3 spell levels left.
You knew the following spells:

 Your Spells              Type           Power        Failure   Level  Hunger
a - Magic Dart            Conj           ####         1%          1    None
b - Iskenderun's Battles  Conj/Chrm      ###.....     24%         4    ####...
c - Iskenderun's Mystic   Conj           ####....     14%         4    ####...
d - Searing Ray           Conj           ####..       1%          2    None


Dungeon Overview and Level Annotations

Branches:
Dungeon (3/16)

Altars:
Nemelex Xobeh


Message History

Your surroundings suddenly seem different.
Casting: Searing Ray
Confirm with . or Enter, or press ? or * to list all spells.
Aiming: Searing Ray
Press: ? - help, Shift-Dir - straight line, f - wraith
Aim: a wraith The searing ray hits the wraith.
The wraith misses you.
The searing ray hits the wraith.
The wraith is lightly damaged.
The wraith hits you! The wraith drains your vigor!
You feel yourself slow down.
The searing ray hits the wraith.
The wraith is moderately damaged.
The rat misses you. The wraith hits you. The wraith drains your vigor!
You feel as though you will be slow longer.
The searing ray misses the wraith.
The rat bites you but does no damage. The wraith hits you!
* * * LOW HITPOINT WARNING * * *
The wraith drains your vigor!
You feel as though you will be slow longer.
You die...

#...####...######...............
#.........<.....................
##.######(..###################..
...#...)....#▓▓▓▓▓▓▓###▓▓▓▓▓▓▓#..
............#▓⌠.©.⌠▓§.§▓⌠.©.⌠▓#..
....)#####..#▓...?.▓._.▓.....▓#..
#...........#▓.....▓...▓..(..▓#).
##.#..####..#▓(.rW.▓...▓.....▓#..
#.#..# #..#▓⌠.@.⌠▓...▓⌠...⌠▓###
##.#..####..#▓▓▓▓▓▓▓...▓▓▓▓▓▓▓###
............# #####'## #<.
...#..##.)..# ###...#..# #..
...#..##....# #.....##.# #..
##.#..##....###....###.# #..
##.....................# ###
...........%##....>##### #
####..####.#.......### ##### #


You could see a wraith and a rat.

Vanquished Creatures
  An orc wizard (D:3)
  A worker ant (D:3)
  4 adders
  A giant mite (D:2)
  2 worms
  3 giant geckos
  4 orcs (D:3)
  A ball python (D:1)
  8 bats
  6 hobgoblins
  11 jackals
  3 giant cockroaches
  3 giant newts
  9 goblins
  7 kobolds
  5 rats
69 creatures vanquished.

Notes
Turn   | Place    | Note
--------------------------------------------------------------
     0 | D:1      | Ragg, the Deep Elf Conjurer, began the quest for the Orb.
     0 | D:1      | Reached XP level 1. HP: 10/10 MP: 4/4
   264 | D:1      | Reached XP level 2. HP: 15/15 MP: 1/7
  1007 | D:2      | Reached XP level 3. HP: 19/19 MP: 0/10
  1210 | D:2      | Reached skill level 5 in Conjurations
  1714 | D:2      | Reached XP level 4. HP: 24/24 MP: 8/14
  1720 | D:2      | Learned a level 4 spell: Iskenderun's Battlesphere
  2068 | D:3      | Reached skill level 1 in Charms
  2128 | D:3      | Learned a level 4 spell: Iskenderun's Mystic Blast
  2131 | D:3      | Learned a level 2 spell: Searing Ray
  2317 | D:3      | Reached XP level 5. HP: 25/28 MP: 6/17
  2719 | D:3      | Found a sparkling altar of Nemelex Xobeh.
  2719 | D:3      | Noticed a wraith
  2729 | D:3      | Reached skill level 5 in Spellcasting
  2752 | D:3      | Slain by a wraith

Action                   |  1- 3 |  4- 6 || total
-------------------------+-------+-------++-------
Melee: Unarmed           |     1 |       ||     1
       Short sword       |     1 |       ||     1
       Spear             |    14 |       ||    14
 Cast: Magic Dart        |    83 |    58 ||   141
       Searing Ray       |       |     2 ||     2
  Use: Potion            |       |     5 ||     5
       Scroll            |       |     3 ||     3
